Cogmind - Beta 12 @@@ ROGUE MODE // 2024.01.14 @ 01:43:19 Player: puppuppit Result: Destroyed by S-27 Virus with Autogun Performance ------------- Evolutions (4) 2000 Regions Visited (12) 2400 Robots Destroyed (183) 915 Value Destroyed (4360) 4360 Prototype IDs (51) 1020 Alien Tech Used (0) 0 Bonus (981) 981 TOTAL SCORE: 11676 Bonus ------- High Alert Combat Kills 516 Follower Combat Kills 7 Entered DSFs 500 Aligned with FarCom 300 Friendly Fire -342 Cogmind --------- Core Integrity 0/850 Matter 19/300 Energy 98/100 System Corruption 4% Temperature Hot (282) Movement Hovering (110) Ox1 Location -6/Lower Caves Parts ------- > --- POWER (1) -------- (None) > --- PROPULSION (4) --- Gravmag Array > --- UTILITY (8) ------ Medium Storage Unit Enhanced Optical Array Target Analyzer Improved Weapon Cycler Advanced ECM Suite Improved Hacking Suite System Shield > --- WEAPON (2) ------- Heavy Plasma Cannon > --- INVENTORY (10) --- Light Nuclear Core Light Nuclear Core Recoil Stabilizer Magnetic Acceleration Cannon Enhanced Gauss Cannon Enhanced Gauss Cannon Improved Proton Missile Launcher Peak State ------------ > --- POWER ------------ Light Fission Core > --- PROPULSION ------- Gravmag System Improved Gravmag System Linear Gravjet Linear Gravjet > --- UTILITY ---------- Medium Storage Unit Machine Analyzer Enhanced Optical Array Advanced Melee Analysis Suite Hacking Suite Improved Hacking Suite Improved System Shield System Guard > --- WEAPON ----------- Matter Neutralizer Magnetic Acceleration Cannon > --- INVENTORY -------- Backup Power III Gravmag System Combat Airjet Combat Airjet Combat Airjet High-powered Tractor Beam Proton Cannon Matter Neutralizer Precision Assault Rifle Magnetic Acceleration Cannon [Rating: 74] Favorites ----------- Power Light Ion Engine Engine Light Ion Engine Power Core Light Fission Core Reactor Light Antimatter Reactor Propulsion Cesium-ion Thruster Wheel Wheel Hover Unit Combat Airjet Flight Unit Cesium-ion Thruster Utility Hacking Suite Device Advanced Weight Redist. System Storage Small Storage Unit Processor Machine Analyzer Hackware Hacking Suite Protection Improved Core Shielding Weapon Gauss Cannon Energy Gun Small Laser Energy Cannon Proton Cannon Ballistic Gun Assault Rifle Ballistic Cannon Gauss Cannon Launcher Grenade Launcher Slashing Weapon Makeshift Sword Build | -11 -10 -10 -9 -9 -9 -8 -8 -7 -7 -6 -6 -6 ------- Run | Jun Mat Min Mat Min Exi Min Mat Fac DSF Fac Low Low Slots Evolved 8 | . . . 2 . . . 2 2 . 2 . . Power . | . . . . . . . . . . . . . Propulsion 2 | . . . 1 . . . . . . 1 . . Utility 6 | . . . 1 . . . 2 2 . 1 . . Weapon . | . . . . . . . . . . . . . Parts Attached 176 | 9 13 4 32 2 2 5 19 7 17 53 7 6 Power 22 | 1 4 1 5 1 . 1 2 1 1 3 2 . Engine 15 | 1 4 1 5 1 . 1 . 1 1 . . . Core 6 | . . . . . . . 2 . . 3 1 . Reactor 1 | . . . . . . . . . . . 1 . Propulsion 64 | 3 4 2 15 . 1 2 5 2 8 21 . 1 Treads . | . . . . . . . . . . . . . Leg . | . . . . . . . . . . . . . Wheel 3 | 3 . . . . . . . . . . . . Hover 35 | . 3 . 8 . . . 3 1 . 19 . 1 Flight 26 | . 1 2 7 . 1 2 2 1 8 2 . . Utility 39 | 2 2 . 3 . 1 . 4 2 3 17 3 2 Device 14 | 1 . . . . . . 1 1 . 6 3 2 Storage 4 | 1 . . 1 . 1 . . . . 1 . . Processor 10 | . 1 . 1 . . . 2 1 . 5 . . Hackware 10 | . 1 . 1 . . . 1 . 3 4 . . Protection 1 | . . . . . . . . . . 1 . . Artifact . | . . . . . . . . . . . . . Weapon 51 | 3 3 1 9 1 . 2 8 2 5 12 2 3 Energy Gun 5 | 1 1 . . . . . . 1 2 . . . Energy Cannon 4 | . . . . . . . . . . 3 . 1 Ballistic Gun 10 | 2 2 . . . . . . 1 1 4 . . Ballistic Cannon 12 | . . . . . . . 3 . 2 4 1 2 Launcher 15 | . . . 6 1 . 2 4 . . 1 1 . Special Weapon . | . . . . . . . . . . . . . Impact Weapon . | . . . . . . . . . . . . . Slashing Weapon 5 | . . 1 3 . . . 1 . . . . . Piercing Weapon . | . . . . . . . . . . . . . Special Melee Weapon . | . . . . . . . . . . . . . Unidentified Prototypes 1 | . . . . . . . . 1 . . . . Parts Lost 53 | . 5 1 5 . . 2 12 . 12 8 4 4 Power 6 | . 2 . . . . . . . 2 1 . 1 Propulsion 26 | . 2 1 4 . . 1 7 . 5 4 . 2 Utility 10 | . . . . . . . 1 . 4 1 3 1 Weapon 11 | . 1 . 1 . . 1 4 . 1 2 1 . Highest Loss Streak 9 | . 3 1 1 . . 1 7 . 9 3 2 3 To Critical Strikes . | . . . . . . . . . . . . . Average Slot Usage (%) 91 | . 98 100 97 88 88 99 72 88 82 93 85 78 Engine 5 | . 13 14 10 11 11 11 1 4 5 . . . Core 2 | . . . . . . . 5 2 . 3 5 5 Hover 15 | . 26 7 8 . . . 10 13 . 24 13 9 Flight 8 | . . 20 22 33 33 32 8 2 17 . . . Device 4 | . 2 . . . . . 4 12 9 3 10 13 Storage 7 | . 14 14 11 11 11 11 1 . . 4 6 6 Processor 11 | . 1 . 4 . . . 13 20 20 21 13 13 Hackware 17 | . 10 14 17 22 22 22 16 15 15 19 21 19 Energy Gun 1 | . 7 . . . . . . 2 2 . . . Ballistic Gun 4 | . 19 14 1 . . . . . . 2 . . Ballistic Cannon 4 | . . . . . . . 4 12 9 7 10 7 Launcher 2 | . . . 8 . . 11 6 . . . 1 1 Slashing Weapon 3 | . . 13 10 11 11 11 1 . . . . . Naked Turns . | . . . . . . . . . . . . . Heaviest Build 41 | 13 13 12 14 13 10 13 20 24 21 36 41 38 Greatest Support 46 | 26 20 12 21 15 15 15 25 25 25 46 40 40 Greatest Overweight (x) 3 | . 2 1 2 . . . 1 1 1 3 1 1 Average Overweight (x) . | . . . . . . . . . . . . . Largest Inventory Capacity 10 | 8 8 8 8 8 8 8 8 5 5 10 10 10 Average Capacity 8 | 7 8 8 8 8 8 8 5 5 5 8 10 10 Most Carried 10 | 8 8 8 8 8 8 8 8 5 5 10 10 10 Average Carried 7 | 3 6 7 7 7 8 7 5 4 4 7 8 9 Final Capacity 10 | 8 8 8 8 8 8 8 5 5 5 10 10 10 Final Carried 10 | 8 8 8 8 8 8 8 4 5 5 10 10 7 Class Distribution -------------------- 30% | Mutant 26% | Hacker-Scout 20% | Hacker-Mutant 12% | Hacker-Sprinter 4% | Scavenger-Mutant Dominant Class ---------------- Mutant | -10/Materials Mutant | -10/Mines Hacker-Sprinter | -9/Materials Hacker-Sprinter | -9/Mines Hacker-Sprinter | -9/Exiles Hacker-Sprinter | -8/Mines Hacker-Mutant | -8/Materials Hacker-Scout | -7/Factory Hacker-Scout | -7/DSF Hacker-Scout | -6/Factory Hacker-Mutant | -6/Lower Caves Hacker-Mutant | -6/Lower Caves Resources | -11 -10 -10 -9 -9 -9 -8 -8 -7 -7 -6 -6 -6 ----------- Run | Jun Mat Min Mat Min Exi Min Mat Fac DSF Fac Low Low Matter Collected 4276 | 242 528 44 652 40 . 260 187 469 28 1252 534 40 Remotely 1094 | . . . . . . . . 319 21 560 194 . Salvage Created 5539 | 186 756 88 1714 189 . 351 548 98 63 1303 163 80 Parts 347 | 20 62 9 102 14 . 35 23 5 5 56 11 5 Haulers Intercepted 11 | . 2 . 6 . . . 2 . . 1 . . Recyclers Shooed 7 | 1 2 . 2 1 . . . . . 1 . . Parts Field Recycled . | . . . . . . . . . . . . . Retrieved Matter . | . . . . . . . . . . . . . Parts Self-Destructed 12 | . . . . . . . . . . . 10 2 Prevented 4 | . . . . . . . . . . . 4 . Kills | -11 -10 -10 -9 -9 -9 -8 -8 -7 -7 -6 -6 -6 ------- Run | Jun Mat Min Mat Min Exi Min Mat Fac DSF Fac Low Low Combat Hostiles Destroyed 106 | . 8 . 33 4 . 17 10 . 4 18 9 3 Melee 20 | . . . 17 1 . 1 . . . 1 . . Guns 16 | . 8 . 4 . . . . . . 4 . . Cannons 28 | . . . . . . . 4 . 4 10 7 3 AOE 42 | . . . 12 3 . 16 6 . . 3 2 . Classes Destroyed 18 | 3 6 . 4 . . . 1 . 2 2 . . Worker 19 | 2 3 2 3 2 . 2 . 3 . 2 . . Builder 6 | . 4 . 1 . . . . . . 1 . . Tunneler 9 | 5 . 2 . 1 . 1 . . . . . . Hauler 11 | . 2 . 6 . . . 2 . . 1 . . Recycler 15 | 1 3 . 3 1 . 2 . 1 . 4 . . Mechanic 1 | . . . 1 . . . . . . . . . Operator 5 | . 1 . 1 . . . 1 . . 2 . . Watcher 9 | . 3 . 3 . . . 1 . . 2 . . Swarmer 41 | . 3 . 4 4 . 15 . . . 7 5 3 Cutter 3 | . . . . . . . . . 3 . . . Grunt 37 | . 5 . 17 . . 3 5 . . 3 4 . Brawler 1 | . . . 1 . . . . . . . . . Duelist 3 | . . . 2 . . . . . . 1 . . Protector 1 | . . . . . . . 1 . . . . . Sentry 16 | . . . 9 . . . 4 . . 3 . . Specialist 1 | . . . . . . . . . 1 . . . Programmer 4 | . . . . . . . . . . 4 . . Heavy 1 | . . . . . . . . . . 1 . . Best Kill Streak 14 | 6 5 2 8 4 . 14 4 2 3 5 4 3 Combat Bots Only 6 | . 3 . 6 4 . 6 3 . 3 3 4 3 Max Kills in Single Turn 4 | 1 3 1 3 3 . 4 1 2 1 4 2 1 Gunslinging . | . . . . . . . . . . . . . Exploded 3 | . . . 3 3 . 3 1 . . 3 2 . Melee 1 | . . . 1 1 . 1 . . . 1 . . Uniques/NPCs Destroyed . | . . . . . . . . . . . . . Combat | -11 -10 -10 -9 -9 -9 -8 -8 -7 -7 -6 -6 -6 -------- Run | Jun Mat Min Mat Min Exi Min Mat Fac DSF Fac Low Low Damage Taken 6709 | . 432 184 594 48 . 140 1176 . 668 2128 582 757 Core 1971 | . 118 84 196 5 . 19 509 . 182 561 70 227 Absorbed by Shields 409 | . . . . . . . . . . 61 348 . Regen/Repaired (Parts) 68 | . . . 42 . . . . . . 26 . . Core Remaining (%) 49 | 100 . 19 . . . 45 7 . 74 . . . Volleys Fired 349 | 16 69 3 26 1 . 19 38 8 10 97 42 20 Largest 2 | 2 2 1 2 1 . 1 2 2 2 2 2 2 Hottest 158 | 40 60 20 60 30 . 30 96 128 128 158 96 114 Shots Fired 546 | 32 137 3 32 1 . 19 50 10 20 159 54 29 Gun 218 | 32 137 3 9 . . . . 2 4 31 . . Cannon 255 | . . . . . . . 23 8 16 127 52 29 Launcher 73 | . . . 23 1 . 19 27 . . 1 2 . Special . | . . . . . . . . . . . . . Kinetic 401 | 32 93 3 9 . . . 23 8 16 143 52 22 Thermal 61 | . 44 . . . . . . 2 4 4 . 7 Explosive 53 | . . . 23 1 . 19 10 . . . . . Electromagnetic 31 | . . . . . . . 17 . . 12 2 . Robot Hit Streak 12 | 9 12 6 9 . . 3 8 8 5 12 5 4 Robot Miss Streak 10 | 2 5 . 1 1 . 2 2 1 10 5 3 2 Penetration Max 1 | . . . . . . . 1 . 1 . 1 . Secondary Targets . | . . . . . . . . . . . . . Shots Hit Robots 401 | 20 83 12 75 7 . 14 38 6 7 88 33 18 Core Hits 249 | 9 37 2 67 6 . 29 28 4 5 45 14 3 Critical Kills 1 | . . . 1 . . . . . . . . . Critical Parts Destroyed . | . . . . . . . . . . . . . Critical Strikes 29 | . . . 3 . . 1 9 . . 6 6 4 Destroy 1 | . . . 1 . . . . . . . . . Blast 23 | . . . . . . . 8 . . 5 6 4 Corrupt 1 | . . . . . . . . . . 1 . . Sever 4 | . . . 2 . . 1 1 . . . . . Melee Attacks 104 | . . 13 68 8 . 9 6 . . . . . Impact . | . . . . . . . . . . . . . Slashing 104 | . . 13 68 8 . 9 6 . . . . . Piercing . | . . . . . . . . . . . . . Sneak Attacks 32 | . . 6 15 4 . 5 2 . . . . . Combat Hostiles . | . . . . . . . . . . . . . Follow-up Attacks . | . . . . . . . . . . . . . Damage Inflicted 16120 | 260 1257 587 4254 589 . 1568 2077 159 231 3391 1083 664 Guns 2045 | 260 1051 35 101 . . . . 46 32 520 . . Cannons 4658 | . . . . . . . 625 113 199 2037 1020 664 Explosions 4950 | . 206 . 1521 154 . 1052 1125 . . 829 63 . Melee 4456 | . . 552 2632 435 . 516 321 . . . . . Ramming 11 | . . . . . . . 6 . . 5 . . Kinetic 5889 | 260 773 35 101 . . . 625 113 199 2290 1020 473 Thermal 941 | . 278 . . . . . . 46 32 394 . 191 Explosive 3837 | . 206 . 1521 154 . 1052 498 . . 406 . . Electromagnetic 986 | . . . . . . . 627 . . 296 63 . Impact . | . . . . . . . . . . . . . Slashing 4456 | . . 552 2632 435 . 516 321 . . . . . Piercing . | . . . . . . . . . . . . . Highest Corruption 10 | . . . 3 3 3 3 2 1 10 4 4 4 Average Corruption 3 | . . . 1 3 3 3 1 1 2 2 4 4 Corruption Purged . | . . . . . . . . . . . . . Corruption Blocked . | . . . . . . . . . . . . . Effects 52 | . . . 1 2 1 6 4 . 2 19 9 8 Message Errors 12 | . . . . 2 1 1 . . . 7 1 . Matter Fused 14 | . . . 1 . . 1 2 . . 2 4 4 Heat Flow Errors 8 | . . . . . . 2 . . 1 . 2 3 Energy Discharges 4 | . . . . . . 2 . . . 1 . 1 Data Loss (minor) 6 | . . . . . . . . . . 4 2 . Data Loss (major) 3 | . . . . . . . 1 . . 2 . . Misfires 2 | . . . . . . . 1 . . 1 . . Alerts 1 | . . . . . . . . . 1 . . . Weapon Failures 2 | . . . . . . . . . . 2 . . Overload Shots . | . . . . . . . . . . . . . Overflow Damage 1043 | . 12 194 441 111 . 141 37 6 . 95 . 6 Projectiles 104 | . . . . . . . 8 6 . 84 . 6 Explosions 146 | . 12 . 21 23 . 70 9 . . 11 . . Melee 793 | . . 194 420 88 . 71 20 . . . . . Knockbacks 16 | . . . . . . . 1 1 1 5 8 . Impact . | . . . . . . . . . . . . . Kinetic 15 | . . . . . . . 1 1 1 4 8 . Secondary 1 | . . . . . . . . . . 1 . . Self-Inflicted Damage 340 | . 151 . . 17 . 7 16 . . 128 21 . Shots 11 | . 2 . . 1 . 1 2 . . 4 1 . Rammed 6 | . . . . . . . 2 . . 4 . . Targets Rammed 6 | . . . . . . . 2 . . 4 . . Kicked . | . . . . . . . . . . . . . Crushed . | . . . . . . . . . . . . . Highest Temperature 362 | . 63 10 34 . . 181 126 51 128 212 335 362 Average Temperature 78 | . 21 5 16 . . 89 38 24 76 58 201 149 Received Heat Transfer 1624 | . 84 72 243 . . 18 648 . 18 357 184 . Effects 2 | . . . . . . . . . . . 2 . Interference 2 | . . . . . . . . . . . 2 . Siege Activations . | . . . . . . . . . . . . . Robots Corrupted 1 | . . . . . . . . . . 1 . . Combat Hostiles . | . . . . . . . . . . . . . Parts Fried 7 | . . . . . . . 3 . . 4 . . Impact Corruptions . | . . . . . . . . . . . . . Robots Melted . | . . . . . . . . . . . . . Combat Hostiles . | . . . . . . . . . . . . . Parts Melted 2 | . . . . . . 1 . . . . . 1 Heat Transferred 1387 | . 625 . . . . . . 100 75 287 . 300 Parts Sabotaged . | . . . . . . . . . . . . . Parts Stolen . | . . . . . . . . . . . . . Parts Stripped . | . . . . . . . . . . . . . Power Chain Reactions 1 | . . . . . . . . . . 1 . . Missiles Intercepted . | . . . . . . . . . . . . . Alert | -11 -10 -10 -9 -9 -9 -8 -8 -7 -7 -6 -6 -6 ------- Run | Jun Mat Min Mat Min Exi Min Mat Fac DSF Fac Low Low Peak Influence 880 | 40 242 71 880 459 . 615 849 403 202 669 . . Initial 343 | . 26 46 . 343 . . 239 297 142 79 . . Average 266 | 16 135 34 566 449 . 408 527 337 170 191 . . Maximum Alert Level 3 | . 1 . 3 2 . 2 3 2 1 2 . . Low Security (%) 51 | 100 88 100 15 . . 25 . . 71 58 . . Level 1 26 | . 11 . 12 . . 12 33 93 28 37 . . Level 2 15 | . . . 30 99 . 62 48 6 . 4 . . Level 3 7 | . . . 41 . . . 18 . . . . . Level 4 . | . . . . . . . . . . . . . Level 5 . | . . . . . . . . . . . . . High Security . | . . . . . . . . . . . . . Max Security . | . . . . . . . . . . . . . Squads Dispatched 28 | . . . 6 . . 1 7 1 2 11 . . Investigation 9 | . . . 4 . . 1 1 1 . 2 . . Extermination 3 | . . . . . . . . . . 3 . . Reinforcement 8 | . . . 1 . . . 2 . 2 3 . . Assault 2 | . . . 1 . . . 1 . . . . . Garrison 6 | . . . . . . . 3 . . 3 . . Intercept . | . . . . . . . . . . . . . Searches Triggered . | . . . . . . . . . . . . . Construction Impeded 2 | . . . . . . . 1 . . 1 . . Haulers Reinforced . | . . . . . . . . . . . . . Active Scanning Responses . | . . . . . . . . . . . . . Cargo Convoy Interrupts 1 | . . . . . . . . . . 1 . . Stealth | -11 -10 -10 -9 -9 -9 -8 -8 -7 -7 -6 -6 -6 --------- Run | Jun Mat Min Mat Min Exi Min Mat Fac DSF Fac Low Low Distress Signals 4 | . . . 3 . . . 1 . . . . . Communications Jammed . | . . . . . . . . . . . . . Distress Signals . | . . . . . . . . . . . . . Times Spotted 189 | . 17 2 45 4 . 16 45 . 8 36 10 6 Peak Tracking Total 16 | . 5 2 5 4 . 4 16 . 4 12 4 5 Tactical Retreats 17 | . . . 1 . . 1 7 . 1 5 1 1 Traps | -11 -10 -10 -9 -9 -9 -8 -8 -7 -7 -6 -6 -6 ------- Run | Jun Mat Min Mat Min Exi Min Mat Fac DSF Fac Low Low Traps Triggered 6 | . . . 1 . . . 3 . . 2 . . Indirectly 2 | . . . . . . . 2 . . . . . Trap Hack Attempts . | . . . . . . . . . . . . . Triggered . | . . . . . . . . . . . . . Disarmed . | . . . . . . . . . . . . . Reprogrammed . | . . . . . . . . . . . . . Reused 2 | . . . . . . . . . 1 . 1 . Traps Extracted . | . . . . . . . . . . . . . Installed 3 | . . . . . . . . . 1 . 2 . Triggered 5 | . . . . . . . . . 1 . 4 . Most Traps Carried 2 | . . . . . . . . . . . 2 . Machines | -11 -10 -10 -9 -9 -9 -8 -8 -7 -7 -6 -6 -6 ---------- Run | Jun Mat Min Mat Min Exi Min Mat Fac DSF Fac Low Low Machines Disabled 34 | . 6 . 2 . . 2 3 . . 21 . . Max in Single Turn 8 | . 5 . 1 . . 1 1 . . 8 . . Garrison Access 1 | . . . . . . . . . . 1 . . Machines Repaired . | . . . . . . . . . . . . . Machines Sabotaged . | . . . . . . . . . . . . . Overloaded Fab Kills . | . . . . . . . . . . . . . Hacking | -11 -10 -10 -9 -9 -9 -8 -8 -7 -7 -6 -6 -6 --------- Run | Jun Mat Min Mat Min Exi Min Mat Fac DSF Fac Low Low Machines Accessed 61 | . 10 . 14 . 5 1 7 5 . 18 . 1 Terminals 38 | . 8 . 10 . . 1 6 5 . 8 . . Fabricators 4 | . . . . . . . . . . 4 . . Repair Stations 5 | . 1 . 2 . . . . . . 2 . . Recycling Units 2 | . 1 . . . . . 1 . . . . . Scanalyzers 4 | . . . 2 . . . . . . 2 . . Garrison Access 2 | . . . . . . . . . . 2 . . Total Hacks 219 | . 23 . 40 . 50 3 30 10 . 62 . 1 Successful 143 | . 14 . 21 . 50 . 17 7 . 33 . 1 Failed 74 | . 9 . 18 . . 3 12 3 . 29 . . Catastrophic 8 | . 1 . 1 . . . 1 1 . 4 . . Database Lockouts 2 | . . . 1 . . . 1 . . . . . Manual 66 | . 5 . 9 . 1 3 19 3 . 26 . . Terminals 122 | . 21 . 31 . . 3 29 10 . 28 . . Fabricators 17 | . . . . . . . . . . 17 . . Repair Stations 8 | . 1 . 3 . . . . . . 4 . . Recycling Units 2 | . 1 . . . . . 1 . . . . . Scanalyzers 16 | . . . 6 . . . . . . 10 . . Garrison Access 3 | . . . . . . . . . . 3 . . Terminal Hacks 110 | . 12 . 14 . 50 . 16 7 . 10 . 1 Record 49 | . . . . . 49 . . . . . . . Part Schematic 2 | . . . . . . . . 2 . . . . Robot Schematic 4 | . . . . . . . . 1 . 3 . . Robot Analysis 13 | . 3 . 4 . . . 2 1 . 3 . . Prototype ID Bank 20 | . 5 . 4 . . . 9 1 . 1 . . Open Door 1 | . . . . . . . . . . . . 1 Open DSF 2 | . . . . . . . . 2 . . . . Branch Access Points 1 | . . . . . . . . . . 1 . . Emergency Access Points 1 | . . . 1 . . . . . . . . . Terminal Index 1 | . . . . . . . 1 . . . . . Alert Level 3 | . 1 . 1 . . . 1 . . . . . Unreport Threat 1 | . . . 1 . . . . . . . . . Locate Traps 1 | . . . 1 . . . . . . . . . Security Status 1 | . . . . . . . 1 . . . . . Transport Status 1 | . . . . . . . 1 . . . . . Investigation Status 1 | . 1 . . . . . . . . . . . Recall Reinforcements 2 | . . . . . . . 1 . . 1 . . Hauler Manifests 1 | . . . 1 . . . . . . . . . Registered Components 2 | . 1 . 1 . . . . . . . . . Zone Layout 2 | . 1 . . . . . . . . 1 . . EX-Prototype ID Bank 1 | . . . . . 1 . . . . . . . Fabricator Hacks 9 | . . . . . . . . . . 9 . . Network Status 1 | . . . . . . . . . . 1 . . Load Schematic 4 | . . . . . . . . . . 4 . . Build 4 | . . . . . . . . . . 4 . . Repair Station Hacks 7 | . 1 . 3 . . . . . . 3 . . Scan Component 2 | . . . 1 . . . . . . 1 . . Repair 2 | . . . 1 . . . . . . 1 . . Refit 3 | . 1 . 1 . . . . . . 1 . . Recycling Unit Hacks 2 | . 1 . . . . . 1 . . . . . Retrieve Components 2 | . 1 . . . . . 1 . . . . . Scanalyzer 14 | . . . 4 . . . . . . 10 . . Insert Component 8 | . . . 3 . . . . . . 5 . . Analyze 6 | . . . 1 . . . . . . 5 . . Garrison Access Hacks 1 | . . . . . . . . . . 1 . . Seal Access 1 | . . . . . . . . . . 1 . . Unauthorized Hacks . | . . . . . . . . . . . . . Terminals . | . . . . . . . . . . . . . Fabricators . | . . . . . . . . . . . . . Repair Stations . | . . . . . . . . . . . . . Recycling Units . | . . . . . . . . . . . . . Scanalyzers . | . . . . . . . . . . . . . Garrison Access . | . . . . . . . . . . . . . Data Cores Recovered 3 | . 1 . . . . . . . . 2 . . Used 3 | . 1 . . . . . . . . 2 . . Hacking Detections 51 | . 10 . 12 . . 1 7 4 . 17 . . Full Trace Events 12 | . 2 . 5 . . 1 1 1 . 2 . . Feedback Events 2 | . . . 1 . . . . 1 . . . . Corruption 2 | . . . 1 . . . . 1 . . . . Feedback Blocked . | . . . . . . . . . . . . . Robot Schematics Acquired 4 | . . . . . . . . 1 . 3 . . Robots Built 4 | . . . . . . . . . . 4 . . Authchips 1 | . . . . . . . . . . 1 . . Time 166 | . . . . . . . . . . 166 . . Total Robot Build Rating 10 | . . . . . . . . . . 10 . . Part Schematics Acquired 7 | . . . 1 . . . . 2 . 4 . . Parts Built 4 | . . . . . . . . . . 4 . . Authchips 1 | . . . . . . . . . . 1 . . Time 223 | . . . . . . . . . . 223 . . Total Part Build Rating 26 | . . . . . . . . . . 26 . . Parts Repaired 2 | . . . 1 . . . . . . 1 . . Time 42 | . . . 26 . . . . . . 16 . . Parts Recycled . | . . . . . . . . . . . . . Recycled Matter . | . . . . . . . . . . . . . Retrieved Matter . | . . . . . . . . . . . . . Retrieved Components 18 | . 9 . . . . . 9 . . . . . Parts Scanalyzed 6 | . . . 2 . . . . . . 4 . . Part Schematics Acquired 5 | . . . 1 . . . . . . 4 . . Parts Damaged . | . . . . . . . . . . . . . Bothacking | -11 -10 -10 -9 -9 -9 -8 -8 -7 -7 -6 -6 -6 ------------ Run | Jun Mat Min Mat Min Exi Min Mat Fac DSF Fac Low Low Used RIF Installer . | . . . . . . . . . . . . . Robots Hacked . | . . . . . . . . . . . . . Non-combat . | . . . . . . . . . . . . . Combat . | . . . . . . . . . . . . . Robot Hacks Applied . | . . . . . . . . . . . . . Relay Couplers Released . | . . . . . . . . . . . . . Fabnet Peak Effective % . | . . . . . . . . . . . . . Robots Rewired . | . . . . . . . . . . . . . Allies Hacked . | . . . . . . . . . . . . . Hacks Repelled . | . . . . . . . . . . . . . Allies | -11 -10 -10 -9 -9 -9 -8 -8 -7 -7 -6 -6 -6 -------- Run | Jun Mat Min Mat Min Exi Min Mat Fac DSF Fac Low Low Total Allies 7 | . . . . 3 . . . . . 4 . . Largest Group 3 | . . . . 3 3 3 . . . 3 1 . Highest-Rated Group 54 | . . . . 40 40 40 . . . 54 40 . Highest-Rated Ally 40 | . . . . 16 16 16 . . . 40 40 . Total Orders . | . . . . . . . . . . . . . Ally Attacks 16 | . . . . . . 14 . . . 2 . . Total Damage 210 | . . . . . . 144 . . . 66 . . Kills 4 | . . . . . . 4 . . . . . . Allies Corrupted . | . . . . . . . . . . . . . Allies Melted . | . . . . . . . . . . . . . Intel | -11 -10 -10 -9 -9 -9 -8 -8 -7 -7 -6 -6 -6 ------- Run | Jun Mat Min Mat Min Exi Min Mat Fac DSF Fac Low Low Robot Analysis Total 13 | . 3 . 4 . . . 2 1 . 3 . . Derelict Logs Recovered 1 | . . 1 . . . . . . . . . . Drone Launches . | . . . . . . . . . . . . . Drone Recoveries . | . . . . . . . . . . . . . Exploration | -11 -10 -10 -9 -9 -9 -8 -8 -7 -7 -6 -6 -6 ------------- Run | Jun Mat Min Mat Min Exi Min Mat Fac DSF Fac Low Low Turns Passed 6720 | 130 897 615 784 146 159 256 451 404 139 1847 442 450 Spaces Moved 8265 | 69 965 589 1097 296 398 640 524 523 142 1993 537 492 Core 167 | 3 10 . . . . . 76 . 4 74 . . Treads . | . . . . . . . . . . . . . Legs . | . . . . . . . . . . . . . Wheels 99 | 66 33 . . . . . . . . . . . Hover 5097 | . 922 229 216 . . . 319 523 8 1851 537 492 Flight 2902 | . . 360 881 296 398 640 129 . 130 68 . . Fastest Speed 29 | 50 56 66 29 29 29 29 29 56 29 34 56 56 Average Speed 54 | 85 64 97 35 29 29 29 54 65 35 56 56 76 Slowest Speed 200 | 100 160 160 195 29 29 29 120 120 114 200 106 110 Overloaded Moves . | . . . . . . . . . . . . . Propulsion Burnouts . | . . . . . . . . . . . . . Robots Hopped 13 | . . . 3 . . 6 1 . 3 . . . Cave-ins Triggered . | . . . . . . . . . . . . . Time Travels 1 | . . . . . . . 1 . . . . . Exploration Rate (%) 64 | 3 96 99 93 62 88 94 50 11 81 37 69 52 Regions Visited 12 Branch Regions 6 Pre-discovered Areas 2 | . . 1 . . 1 . . . . . . . Known Exits Taken 2 | . . . . . . . . 1 . 1 . . Unknown Exits Taken 9 | 1 1 1 1 1 1 1 1 . . . 1 . Scrap Searched 5 | . . 1 . 1 . 1 . . . . 2 . Spaces Dug 9 | . . . . . . . . 3 . 6 . . Terrain Destroyed 456 | . 25 . 92 6 . 133 91 3 . 79 16 11 Melee . | . . . . . . . . . . . . . Projectile 68 | . . . . . . . 4 3 . 34 16 11 AOE 388 | . 25 . 92 6 . 133 87 . . 45 . . Terrain Rammed . | . . . . . . . . . . . . . Walls Destroyed . | . . . . . . . . . . . . . Machines Disabled . | . . . . . . . . . . . . . Actions | -11 -10 -10 -9 -9 -9 -8 -8 -7 -7 -6 -6 -6 --------- Run | Jun Mat Min Mat Min Exi Min Mat Fac DSF Fac Low Low Total 9813 | 104 1106 615 1391 348 441 679 632 570 203 2550 621 553 Wait 715 | . 33 . 128 37 37 3 29 23 25 346 27 27 Move 8227 | 68 964 588 1090 295 397 627 521 522 135 1992 536 492 Hop 13 | . . . 3 . . 6 1 . 3 . . . Pick Up 97 | 9 13 3 14 2 2 6 7 5 5 25 5 1 Fast Attach 59 | 7 3 1 9 . . . 8 5 9 16 . 1 Attach 53 | . 4 1 8 1 . 3 9 . 4 17 3 3 Detach 21 | . . . 7 . . . 2 . 2 7 . 3 Swap 64 | 2 6 2 15 1 2 2 2 2 4 20 4 2 Drop 98 | 2 14 4 23 3 3 4 7 5 5 22 2 4 Fire 349 | 16 69 3 26 1 . 19 38 8 10 97 42 20 Melee 104 | . . 13 68 8 . 9 6 . . . . . Ram 6 | . . . . . . . 2 . . 4 . . Kick . | . . . . . . . . . . . . . Crush . | . . . . . . . . . . . . . Escape Stasis 4 | . . . . . . . . . . 4 . . Rewire . | . . . . . . . . . . . . . Trap 3 | . . . . . . . . . 1 . 2 . Miscellaneous . | . . . . . . . . . . . . . Route ------- -11/Junkyard -10/Materials (discovered 5 exits: *Mat x3 / [*Min x2]) -10/Mines (discovered 2 exits: *Mat x2) -9/Materials (discovered 5 exits: *Mat x3 / [*Min x2]) -9/Mines (discovered 3 exits: *Mat x2 / *Exi) -9/Exiles -8/Mines (discovered 2 exits: *Mat x2) -8/Materials (discovered 2 exits: *Fac / [*Sto]) -7/Factory (discovered 3 exits: [*Low] / DSF / DSF) -7/DSF -6/Factory (discovered 5 exits: [*Fac] / *Low x2 / *Ext x2) -6/Lower Caves -6/Lower Caves History --------- Turn | Location | Event 29 | -11/Junkyard | Discovered new exit (range 14) 131 | -11/Junkyard | Entered Materials 312 | -10/Materials | Discovered new exit (range 12) 316 | -10/Materials | Build established: Mutant 417 | -10/Materials | Discovered new exit (range 9) 548 | -10/Materials | Discovered new exit (range 10) 563 | -10/Materials | Discovered new exit (range 5) 690 | -10/Materials | Lost 3 parts (1p1n1w) 937 | -10/Materials | Discovered new exit (range 15) 1028 | -10/Materials | Entered Mines 1065 | -10/Mines | A weapon hastily lodged in a ceiling crevice suddenly fell to the ground 1076 | -10/Mines | Discovered new exit (range 14) 1099 | -10/Mines | Met a Derelict bent on vengeance 1117 | -10/Mines | Discovered new exit (range 7) 1184 | -10/Mines | Core integrity fell below 50% 1199 | -10/Mines | Core integrity fell below 20% 1522 | -10/Mines | Found a damaged Exp. Sensor Array with a note attached 1525 | -10/Mines | Found Prototype Device 1643 | -10/Mines | Entered Materials 1643 | -9/Materials | Evolved 2 slots: Propulsion x1, Utility x1 1645 | -9/Materials | Discovered new exit (range 8) 1674 | -9/Materials | Central database locked down 1934 | -9/Materials | Discovered new exit (range 12) 2009 | -9/Materials | Identified Exp. Sensor Array 2043 | -9/Materials | First assault squad dispatched 2096 | -9/Materials | Discovered new exit (range 15) 2183 | -9/Materials | Repaired Grenade Launcher 2323 | -9/Materials | Discovered new exit (range 16) 2402 | -9/Materials | Discovered new exit (range 15) 2427 | -9/Materials | Entered Mines 2429 | -9/Mines | Core integrity fell below 50% 2461 | -9/Mines | Build established: Hacker-Sprinter 2475 | -9/Mines | Deemed a non-threat by the Exiles lab entrance 2475 | -9/Mines | Discovered new exit (range 5) 2507 | -9/Mines | Discovered new exit (range 12) 2515 | -9/Mines | Assisted by bots powering up and referring to "LRC-V3" 2522 | -9/Mines | Discovered new exit (range 11) 2573 | -9/Mines | Entered Exiles 2573 | -9/Exiles | Accompanied by 3 allies 2580 | -9/Exiles | Met 8R-AWN 2585 | -9/Exiles | Met EX-HEX 2595 | -9/Exiles | Met EX-BIN 2599 | -9/Exiles | Aligned with FarCom system 2600 | -9/Exiles | Given EX-Vault access code 2611 | -9/Exiles | Opened EX-Vault 2613 | -9/Exiles | Found Chronowheel 2623 | -9/Exiles | Warned to stay clear of 0b10 Research branches 2630 | -9/Exiles | Met EX-DEC 2633 | -9/Exiles | Learned location of Zion (-6) 2646 | -9/Exiles | Visited The Gauntlet 2691 | -9/Exiles | Discovered new exit (range 14) 2732 | -9/Exiles | Left Exiles lab with Chronowheel 2732 | -9/Exiles | Entered Mines 2732 | -8/Mines | Accompanied by 3 allies 2760 | -8/Mines | Discovered new exit (range 5) 2916 | -8/Mines | Discovered new exit (range 6) 2988 | -8/Mines | Entered Materials 2988 | -8/Materials | Evolved 2 slots: Utility x2 3041 | -8/Materials | Discovered new exit (range 5) 3052 | -8/Materials | Garrison activated, responded to threat 3075 | -8/Materials | Activated Chronowheel 3075 | -8/Materials | Spacetime reconverged on an earlier point 3088 | -8/Materials | Core integrity fell below 50% 3140 | -8/Materials | Lost 7 parts (3n1u3w) 3208 | -8/Materials | Discovered new exit (range 16) 3280 | -8/Materials | Central database locked down 3314 | -8/Materials | Core integrity fell below 20% 3388 | -8/Materials | First assault squad dispatched 3439 | -8/Materials | Entered Factory 3439 | -7/Factory | Evolved 2 slots: Utility x2 3464 | -7/Factory | Discovered new exit (range 19) 3492 | -7/Factory | Identified exit to DSF 3652 | -7/Factory | Identified exit to DSF 3838 | -7/Factory | Build established: Hacker-Scout 3843 | -7/Factory | Entered DSF 3856 | -7/DSF | Discovered new exit (range 19) 3869 | -7/DSF | Additional patrols routed to DSF 3928 | -7/DSF | Lost 3 parts (1p1n1u) 3959 | -7/DSF | System corruption reached 10% 3982 | -7/DSF | Entered Factory 3982 | -6/Factory | Evolved 2 slots: Propulsion x1, Utility x1 4009 | -6/Factory | Lost 9 parts (1p4n3u1w) 4533 | -6/Factory | Fabricated L-31 Rogue? 4623 | -6/Factory | Discovered new exit (range 11) 4656 | -6/Factory | Fabricated Matter Neutralizer (x2) 4801 | -6/Factory | Fabricated Linear Gravjet (x2) 4859 | -6/Factory | Repaired Hpw. Tractor Beam 4887 | -6/Factory | Identified exit to Lower Caves 4887 | -6/Factory | Identified exit to Extension 4924 | -6/Factory | Cargo convoy interrupted 5156 | -6/Factory | Lost 3 parts (2n1w) 5583 | -6/Factory | Core integrity fell below 50% 5615 | -6/Factory | Fabricated I-36 Angel? 5829 | -6/Factory | Entered Lower Caves 5829 | -6/Lower Caves | Accompanied by 1 ally 6129 | -6/Lower Caves | Build established: Hacker-Mutant 6234 | -6/Lower Caves | Discovered new exit (range 9) 6271 | -6/Lower Caves | Entered another Lower Caves area 6375 | -6/Lower Caves | Spotted B-75 Beast 6423 | -6/Lower Caves | Core integrity fell below 20% 6721 | -6/Lower Caves | Destroyed by S-27 Virus with Autogun Last Messages --------------- 06690_ Knocked back. 06691_ Slug penetrates B-75 Beast. 06692_ Acquired 1 matter. 06694_ Acquired 4 matter. 06696_ Dropped Linear Gravjet. 06698_ Acquired 2 matter. 06699_ Acquired 10 matter. 06702_ Knocked back. 06703_ Acquired 2 matter. 06704_ Gravmag Array destroyed. 06704_ Imp. System Shield destroyed. 06704_ Critical hit (Blast). 06706_ Acquired 4 matter. 06709_ Destroyed VTOL Module. 06712_ S-27 Virus destroyed. 06718_ VTOL Module melted. 06718_ S-27 Virus destroyed. 06719_ VTOL Module fries itself beyond repair. 06719_ Lgt. Nuclear Core fries itself beyond repair. 06719_ Mic. Nuclear Core destroyed. Map ----- +----------------------------------------------------+ | ????????????????????????????????# # | | ????????????????????????????????## # | | ????????????????????????????????## ### ## | | ???????????????????????????????## ##?# ### | | ???????????????????????????????# #### #?# | | ???????????????????????????????# ## ##?# | | ??????????????????????????####?# ##?# | | ??????????????????????????# ### * #?# | | ??????????????????????????# ?## #?# | | ??????????????????????????# #### ## #?# | | ??????????????????????????? #### ##### #?# | | ?????????????????????? ????# #######??## #?# | | ???????????????????????? ### ##??##### #? | | ?????????????????????????? #?## #? | | ???????????????????????????? #?# #### | | ??????????????????????????????# #### # ##?# | | ?????????????????????????????## ### # #?# | | ????????????????????????????## ### # ### | | ???????????????????????????## # ## ## | | ????????????####??????????## = ## # | | ????????????# ????#####s !$% ## | | ????????????# ####*%= = %% #####" | | ?????????????# % %;# ] #???# | | ?????????????## = ;"##### #??## | | ??????????????### ###???# % ##"### | | ????????????????# ## @#?????# %#?## | | ????????????????# ??# #???# " #?# | | ????????????????# ???## #?# % #?# | | ????????????????# ?????# #?#### "##### | | ???????????????# ??????# ????" "#??# | | ???????????????##???????# #??## "##?## | | ????????????????????????# #??## ""#??### | | ????????????????????????# #??#" " "#???## | | ????????????????????????# #?## #???## | | ????????????????????????# ? " %* ##?### | | ????????????????????????# #?## #?## | | ????????????????????????# #?# "## #### | | ????????????????????????? ##?# "# ##??## | | ????????????????????????? #??# ##### | | ????????????????????????? #??## | | ????????????????????????? ???# %% | | ????????????????????????? ???## % | | ?????????????????????????## ???#"# | | ???????????????????????????##?????#### ##### # | | ?????????????????????????????????????####???###### | | ?????????????????????????????????????????????????? | | ?????????????????????????????????????????????????? | | ?????????????????????????????????????????????????? | | ?????????????????????????????????????????????????? | | ?????????????????????????????????????????????????? | +----------------------------------------------------+ Best States ------------- Heat Dissipation 37 Energy Generation 21 Energy Capacity 310 Matter Stores 300 Matter Capacity 300 Sight Range 22 Terrain Scan Range 16 Terrain Scan Density 10 Additional Mass Support 9 Corruption Containment 8 Weapon Cycling 20 Evasion (%) 64 Melee Accuracy 8 Target Analysis 5 Core Analysis 6 Armor Integrity Analysis 30 Recoil Reduction 4 Particle Charging 20 Offensive Hacking 22 Defensive Hacking 22 Authchip Count 2 Item Schematics ----------------- Imp. Hover Unit | -9/Materials | Scanalyzed Linear Gravjet | -7/Factory | Hacked KE Penetrator | -7/Factory | Hacked Gauss Cannon | -6/Factory | Scanalyzed Lgt. Fission Core | -6/Factory | Scanalyzed Lrn. Tractor Beam | -6/Factory | Scanalyzed Adv. ECM Suite | -6/Factory | Scanalyzed Robot Schematics ------------------ L-31 Rogue | -7/Factory | Hacked G-50 Soldier | -6/Factory | Hacked D-53 Grenadier | -6/Factory | Hacked I-36 Angel | -6/Factory | Hacked Fabricated ------------ L-31 Rogue | x3 | -6/Factory | Authchip Matter Neutralizer | x2 | -6/Factory | Preloaded Linear Gravjet | x2 | -6/Factory | Authchip I-36 Angel | x1 | -6/Factory Alien Tech Used ----------------- None Achievements -------------- Fist Fight Short-term Sacrifices Challenges ------------ None Game ------ Seed GaussEtherialGreatsword Manual? 0 Play Time 02:16:27 Cumulative 67.4 hours Start 2024.01.13 @ 23:24:04 End 2024.01.14 @ 01:43:19 Sessions 1 Manual Loads 0 Difficulty Rogue Special Mode None Game No. 38 Rogue 38 Adventurer 0 Explorer 0 Win Type - Total 0 Types 0/0/0/0/0/0/0/0/0 Lore% 53 Gallery% 50 Achievement% 43 Wizard Run 0 Options --------- ASCII 0 Keyboard 1 Movement Arrows Keybinds 0 Fullscreen 1 Font 12/Proggy Map View 83x54 Tactical HUD 1 Map Filters NONE Filters NONE Steam 0 RUN: cb45be38-2f5f-47eb-921b-5d639fabd81e